 Dungeon Crawl Stone Soup version 0.22-a0-601-gb0ed703 (webtiles) character file.

11 sking99 the Skirmisher (level 2, 26/27 HPs)
             Began as a Minotaur Fighter on July 6, 2018.
             Quit the game on level 1 of the Dungeon.
             The game lasted 00:00:45 (288 turns).

sking99 the Skirmisher (Minotaur Fighter)            Turns: 288, Time: 00:00:45

Health: 26/27      AC:  8    Str: 20    XL:     2   Next: 17%
Magic:  1/1        EV:  5    Int:  5    God:
Gold:   10         SH:  9    Dex:  9    Spells: 1/1 levels left

rFire    . . .     SeeInvis .   a - +0 long sword
rCold    . . .     Gourm    .   c - +0 shield
rNeg     . . .     Faith    .   l - -1 chain mail (curse)
rPois    .         Spirit   .   e - +0 hat
rElec    .         Reflect  .   (no cloak)
rCorr    .         Harm     .   (no gloves)
MR       .....                  (no boots)
Stlth    ..........             (no amulet)
HPRegen  0.09/turn              (no ring)
MPRegen  0.07/turn              (no ring)

@: no status effects
A: retaliatory headbutt, horns 2
a: no special abilities


You were on level 1 of the Dungeon.
You were not hungry.

You visited 1 branch of the dungeon, and saw 1 of its levels.

You collected 10 gold pieces.

Inventory:

Hand Weapons
 a - a +0 long sword (weapon)
Armour
 b - a +0 scale mail
 c - a +0 shield (worn)
 e - a +0 hat (worn)
 l - a cursed -1 chain mail (worn)
Scrolls
 g - a scroll of remove curse {unknown}
 i - a scroll of enchant weapon {unknown}
 j - a scroll of identify {unknown}
 k - a scroll of noise {unknown}
Potions
 d - a potion of might
Comestibles
 f - 2 rations
 h - 9 chunks of flesh


   Skills:
 + Level 3.9 Fighting
 * Level 3.2 Long Blades
 - Level 3.6 Armour
 - Level 3.6 Shields


You had one spell level left.
You didn't know any spells.
Your spell library was empty.

Dungeon Overview and Level Annotations

Branches:
Dungeon (1/15)

Altars:


Innate Abilities, Weirdness & Mutations

You reflexively headbutt those who attack you in melee.
You have a pair of horns on your head.


Message History

Unknown command.
The hobgoblin hits you.
Your shield and chain mail prevent you from hitting the hobgoblin.
The hobgoblin hits you but does no damage.
You hit the hobgoblin.
You kill the hobgoblin!
No target in view!
You butcher the hobgoblin corpse.
h - 9 chunks of flesh (gained 2)
A kobold comes into view. It is wielding a dagger.
The kobold shouts!
A kobold is nearby!
You see here a dented malachite amulet.
You block the kobold's attack.
You closely miss the kobold. Your headbutt misses the kobold.
You block the kobold's attack. The kobold hits you but does no damage.
Your shield and chain mail prevent you from hitting the kobold.
You block the kobold's attack.
You closely miss the kobold. You block the kobold's attack.
Are you sure you want to abandon this character and quit the game? (Confirm with "yes".)

.......# ......##.# .....##.#
....##.# ...##.# ..##.#
#.##.# . #.##K# .
#######.##@# .# .........#"#
. ...........# .
.#.######.###########. .
.............#....>.>.
##.######.##.#.##########
.##............).......
#####..........)...##########
...............#####


You could see a kobold.

Vanquished Creatures
  3 goblins (D:1)
  2 hobgoblins (D:1)
  A kobold (D:1)
  2 bats (D:1)
  2 rats (D:1)
10 creatures vanquished.

Notes
Turn   | Place    | Note
-------+----------+-------------------------------------------
     0 | D:1      | sking99 the Minotaur Fighter began the quest for the Orb.
     0 | D:1      | Reached XP level 1. HP: 19/19 MP: 0/0
   240 | D:1      | Reached XP level 2. HP: 27/27 MP: 1/1
   288 | D:1      | Quit the game

Vault maps used:
D:1:      shiori_shiawase

Skill      XL: |  1 |
---------------+----+-----
Long Blades    | 3 |  3.2
Fighting       | |  3.9
Armour         | |  3.6
Shields        | |  3.6

Action                   || total
-------------------------++-------
Melee: Long sword        ||    24
       Headbutt          ||     1
Armor: Scale mail        ||     7
       Chain mail        ||     2
Dodge: Dodged            ||     6
Block: Shield            ||    18

Table legend:
 A = Spawn XP
 B = Non-spawn XP
 C = Spawn XP percentage of total XP
 D = Spawn monster count
 E = Non-spawn monster count
 F = Spawn count percentage of total count
 G = Total turns spent on level
                    A         B        C        D         E        F      G
               +---------+---------+-------+---------+---------+-------+---------
         Total |       0 |      17 |   0.0 |       0 |      10 |   0.0 |   288
               +---------+---------+-------+---------+---------+-------+---------
           D:1 |       0 |      17 |   0.0 |       0 |      10 |   0.0 |   288
               +---------+---------+-------+---------+---------+-------+---------
